 Dungeon Crawl Stone Soup version 0.28.0-43-g3370ac3207 (webtiles) character file.

Game seed: 7992942228633191462

447 silky the Chopper (level 7, -2/59 HPs)
             Began as a Gnoll Chaos Knight on Mar 30, 2022.
             Was a Plaything of Xom.
             Slain by a phantom (5 damage)
             ... on level 4 of the Dungeon.
             The game lasted 00:10:29 (2620 turns).

silky the Chopper (Gnoll Chaos Knight)              Turns: 2620, Time: 00:10:29

Health: -2/59      AC:  9    Str: 13    XL:     7   Next: 3%
Magic:  11/11      EV:  7    Int: 14    God:    Xom [.*....]
Gold:   119        SH:  0    Dex: 11    Spells: 10/10 levels left

rFire   . . .      SeeInvis .   a - +0 hand axe (chaos)
rCold   + . .      Faith    .   (no shield)
rNeg    . . .      Spirit   .   d - +0 chain mail
rPois   .          Reflect  .   (no helmet)
rElec   .          Harm     .   (no cloak)
rCorr   .          Rampage  .   (no gloves)
Will    .....      Rage     1%  (no boots)
Stlth   ..........              (no amulet)
HPRegen 0.99/turn               i - ring of protection from cold
MPRegen 0.12/turn               (no ring)

@: on berserk cooldown, attractive, slowed, very slow
A: fangs 1, strong nose, distributed training, berserk 1, clever 1, high MP 1,
regeneration 1
a: Renounce Religion


You were on level 4 of the Dungeon.
You worshipped Xom.
You were a plaything of Xom.
You visited 1 branch of the dungeon, and saw 4 of its levels.

You collected 119 gold pieces.

Inventory:

Hand Weapons
 a - a +0 hand axe of chaos (weapon)
 p - a +2 rapier of flaming
Armour
 d - a +0 chain mail (worn)
 k - an orb of guile
Jewellery
 i - a ring of protection from cold (left hand)
Wands
 g - a wand of polymorph (6)
 o - a wand of acid (4)
 q - a wand of flame (11)
Scrolls
 b - 2 scrolls of teleportation {unknown}
 f - a scroll of fear {unknown}
 m - 3 scrolls of magic mapping {unknown}
 n - a scroll of immolation {unknown}
 s - a scroll of summoning {unknown}
Potions
 c - a potion of heal wounds {unknown}
 e - 2 potions of attraction
 h - a potion of flight {unknown}
 r - a potion of cancellation {unknown}


   Skills:
 + Level 6.9 Fighting
 + Level 2.2 Short Blades
 + Level 2.2 Long Blades
 + Level 6.9 Axes
 + Level 2.2 Maces & Flails
 + Level 2.2 Polearms
 + Level 2.2 Staves
 + Level 2.2 Slings
 + Level 2.2 Bows
 + Level 2.2 Crossbows
 + Level 2.2 Throwing
 + Level 5.1 Armour
 + Level 3.4 Dodging
 + Level 2.2 Stealth
 + Level 2.2 Shields
 + Level 2.2 Unarmed Combat
 + Level 2.2 Spellcasting
 + Level 1.8 Conjurations
 + Level 1.8 Hexes
 + Level 1.8 Summonings
 + Level 1.8 Necromancy
 + Level 1.8 Translocations
 + Level 1.8 Transmutations
 + Level 1.8 Fire Magic
 + Level 1.8 Ice Magic
 + Level 1.8 Air Magic
 + Level 1.8 Earth Magic
 + Level 1.8 Poison Magic
 + Level 2.4 Invocations
 + Level 2.2 Evocations


You had 10 spell levels left.
You didn't know any spells.
Your spell library contained the following spells:

 Spells                   Type           Power      Damage    Failure   Level
 Animate Skeleton         Necr           12%        N/A       95%         1
 Apportation              Tloc           12%        N/A       95%         1
 Foxfire                  Conj/Fire      24%        2x1d5     95%         1
 Summon Small Mammal      Summ           24%        N/A       95%         1
 Sublimation of Blood     Necr           6%         N/A       99%         2
 Conjure Flame            Conj/Fire      6%         6-21      100%        3
 Inner Flame              Hex/Fire       6%         N/A       100%        3
 Flame Wave               Conj/Fire      6%         2d5       100%        4
 Petrify                  Tmut/Erth      6%         N/A       100%        4
 Irradiate                Conj/Tmut      3%         3d14      100%        5


Dungeon Overview and Level Annotations

Branches:
Dungeon (4/15)
 Temple: D:4-7

Altars:
Dithmenos
Hepliaklqana
Xom

Shops:
D:1 ?


Innate Abilities, Weirdness & Mutations

You have very sharp teeth.
Your uncanny sense of smell can sniff out nearby items.
Your experience applies equally to all skills.
You tend to lose your temper in combat.
Your mind is acute. (Int +2)
You have an increased reservoir of magic. (+10% MP)
Your natural rate of healing is unusually fast.


Message History

The phantom hits you but does no damage.
It was a potion of mutation.
You feel extremely strange. The antennae on your head shrink away.
You feel weaker.
You feel more energetic.
You feel a little pissed off. The phantom barely misses you.
You hit the phantom.
The phantom flickers and vanishes!
Deactivating autopickup; reactivate with Ctrl-A.
Something hits you!
You blink.
It was a potion of berserk rage.
A red film seems to cover your vision as you go berserk!
You feel yourself moving faster!
You feel mighty! Something hits you!
* * * LOW HITPOINT WARNING * * *
Unknown command.
You miss something. Something hits you.
* * * LOW HITPOINT WARNING * * *
You blink.
You hit something but do no damage. Your bite misses something.
You barely miss something. Your bite misses something. Something hits you!
* * * LOW HITPOINT WARNING * * *
You hit something. Something hits you.
* * * LOW HITPOINT WARNING * * *
You blink.
You are too berserk!
You are too berserk!
You feel a strong urge to attack something.
Something hits you!
* * * LOW HITPOINT WARNING * * *
You blink.
Something is attracted toward you.
You feel your anger nearly subside. Something hits you but does no damage.
You are no longer berserk.
You are exhausted.
You feel yourself slow down. Something hits you.
* * * LOW HITPOINT WARNING * * *
You blink.
Found two stone staircases leading down.
You slash something! Something hits you.
You die... "It's all fun and games until someone loses an eye."

.#.....#PP.P.... ..
.####.#...###### ..#
....#.##..# .. ..#
.#.##.##.## .# ...#
.#.##'##.# .# ...#
.#.......# .#####....#
##†....# §#...#..>.#
.......#####§##.......#
#######..§..§..{@.#
#...§§§###..# #......#
#..# #...)..# ....
#......# ##### #.§....#
#...# #......# #.>.#
#......# #...#
#......#.#


There were no monsters in sight!

Vanquished Creatures
  A scorpion (D:4)
  An orc priest (D:3)
  2 adders (D:2)
  3 gnolls (D:2)
  A dart slug (D:3)
  12 orcs
  8 endoplasms
  3 giant cockroaches
  3 goblins
  8 hobgoblins
  3 quokkas
  7 ball pythons
  7 bats
  5 frilled lizards
  5 kobolds
  3 rats
72 creatures vanquished.

Vanquished Creatures (collateral kills)
  Sigmund (D:2)
  4 gnolls (D:2)
  A dart slug (D:2)
  A bat (D:2)
  3 goblins (D:2)
  A hobgoblin (D:2)
  A quokka (D:2)
  A ball python (D:2)
  A frilled lizard (D:2)
  A rat (D:2)
15 creatures vanquished.

Vanquished Creatures (others)
  2 plants (D:4)
2 creatures vanquished.

Grand Total: 89 creatures vanquished

Notes
Turn   | Place    | Note
-------+----------+-------------------------------------------
     0 | D:1      | silky the Gnoll Chaos Knight began the quest for the Orb.
     0 | D:1      | Reached XP level 1. HP: 23/23 MP: 1/1
    14 | D:1      | XOM: silly message
    23 | D:1      | HP: 1/23 [frozen (5)]
    47 | D:1      | XOM: divination: magic mapping
   289 | D:1      | XOM: divination: detect creatures
   435 | D:1      | XOM: cast spell 'Summon Small Mammal'
   477 | D:1      | Reached XP level 2. HP: 29/29 MP: 2/2
   747 | D:1      | Found Xubuju's Magic Scroll Emporium.
   846 | D:1      | Reached XP level 3. HP: 26/35 MP: 3/3
   915 | D:1      | XOM: cloud trail
  1267 | D:1      | XOM: silly message
  1332 | D:2      | Reached skill level 1 in Invocations
  1341 | D:2      | XOM: divination: detect creatures
  1348 | D:2      | XOM: silly message
  1365 | D:2      | Reached skill level 1 in Short Blades
  1365 | D:2      | Reached skill level 1 in Long Blades
  1365 | D:2      | Reached skill level 1 in Maces & Flails
  1365 | D:2      | Reached skill level 1 in Polearms
  1365 | D:2      | Reached skill level 1 in Staves
  1365 | D:2      | Reached skill level 1 in Slings
  1365 | D:2      | Reached skill level 1 in Bows
  1365 | D:2      | Reached skill level 1 in Crossbows
  1365 | D:2      | Reached skill level 1 in Throwing
  1365 | D:2      | Reached skill level 1 in Stealth
  1365 | D:2      | Reached skill level 1 in Shields
  1365 | D:2      | Reached skill level 1 in Unarmed Combat
  1365 | D:2      | Reached skill level 1 in Spellcasting
  1365 | D:2      | Reached skill level 1 in Evocations
  1365 | D:2      | Noticed Sigmund
  1371 | D:2      | XOM: potion effect (haste)
  1374 | D:2      | Killed Sigmund
  1375 | D:2      | Reached skill level 1 in Conjurations
  1375 | D:2      | Reached skill level 1 in Hexes
  1375 | D:2      | Reached skill level 1 in Summonings
  1375 | D:2      | Reached skill level 1 in Necromancy
  1375 | D:2      | Reached skill level 1 in Translocations
  1375 | D:2      | Reached skill level 1 in Transmutations
  1375 | D:2      | Reached skill level 1 in Fire Magic
  1375 | D:2      | Reached skill level 1 in Ice Magic
  1375 | D:2      | Reached skill level 1 in Air Magic
  1375 | D:2      | Reached skill level 1 in Earth Magic
  1375 | D:2      | Reached skill level 1 in Poison Magic
  1375 | D:2      | Reached XP level 4. HP: 23/41 MP: 4/6
  1375 | D:2      | Reached XP level 5. HP: 26/47 MP: 4/7
  1375 | D:2      | Reached XP level 6. HP: 30/53 MP: 4/8
  1633 | D:2      | Reached skill level 5 in Armour
  1667 | D:2      | XOM: give mutations
  1667 | D:2      | Gained mutation: Your mind is acute. (Int +2) [Xom's grace]
  1667 | D:2      | Gained mutation: Your muscles are strong. (Str +2) [Xom's
                  | grace]
  1667 | D:2      | Gained mutation: Your natural rate of healing is unusually
                  | fast. [Xom's grace]
  1667 | D:2      | Gained mutation: You have a pair of small antennae on your
                  | head. [Xom's grace]
  2099 | D:3      | Found a shadowy altar of Dithmenos.
  2281 | D:3      | XOM: scenery: create altars
  2389 | D:4      | XOM: 1-stop teleportation journey
  2399 | D:4      | Found a hazy altar of Hepliaklqana.
  2559 | D:4      | Reached XP level 7. HP: 47/59 MP: 10/10
  2603 | D:4      | XOM: fog
  2608 | D:4      | Lost mutation: You have a pair of small antennae on your
                  | head. [potion of mutation]
  2608 | D:4      | Lost mutation: Your muscles are strong. (Str +2) [potion of
                  | mutation]
  2608 | D:4      | Gained mutation: You have an increased reservoir of magic.
                  | (+10% MP) [potion of mutation]
  2608 | D:4      | Gained mutation: You tend to lose your temper in combat.
                  | [potion of mutation]
  2619 | D:4      | HP: 1/59 [something (5)]
  2620 | D:4      | Slain by a phantom

Illustrated notes

Levels and vault maps discovered:
D:1:      arrival_zaba_pyramid, layout_basic, serial_shops,
          nicolae_shop_advertising_works [nicolae_subvault_shop_adworks],
          minivault_25
D:2:      layout_rooms, grunt_ministairs_13, uniq_sigmund
D:3:      layout_rooms, mainiacjoe_overflow_six_doors_small, serial_bayou_pond_a
D:4:      layout_basic, nicolae_hepliaklqana_hazy_memory, serial_shops,
          nicolae_take_the_stairs, kennysheep_little_box, roderic_filled_cross

Skill      XL: |  1  2  3  4  5  6 |
---------------+-------------------+-----
Invocations    | 1 2 |  2.4
Short Blades   | 1 2 |  2.2
Long Blades    | 1 2 |  2.2
Maces & Flails | 1 2 |  2.2
Polearms       | 1 2 |  2.2
Staves         | 1 2 |  2.2
Slings         | 1 2 |  2.2
Bows           | 1 2 |  2.2
Crossbows      | 1 2 |  2.2
Throwing       | 1 2 |  2.2
Stealth        | 1 2 |  2.2
Shields        | 1 2 |  2.2
Unarmed Combat | 1 2 |  2.2
Spellcasting   | 1 2 |  2.2
Evocations     | 1 2 |  2.2
Dodging        | 3 |  3.4
Conjurations   | 1 |  1.8
Hexes          | 1 |  1.8
Summonings     | 1 |  1.8
Necromancy     | 1 |  1.8
Translocations | 1 |  1.8
Transmutations | 1 |  1.8
Fire Magic     | 1 |  1.8
Ice Magic      | 1 |  1.8
Air Magic      | 1 |  1.8
Earth Magic    | 1 |  1.8
Poison Magic   | 1 |  1.8
Armour         | 5 |  5.1
Fighting       | |  6.9
Axes           | |  6.9

Action                   |  1- 3 |  4- 6 |  7- 9 || total
-------------------------+-------+-------+-------++-------
Melee: Hand axe          |    88 |    89 |    27 ||   204
       Punch             |     2 |     2 |     1 ||     5
       Bite              |     3 |    12 |     3 ||    18
  Use: Potion            |       |       |     3 ||     3
 Stab: Paralysed         |       |     1 |       ||     1
Armor: Chain mail        |    68 |    37 |     6 ||   111
       Leather armour    |     1 |       |       ||     1
Dodge: Dodged            |    28 |    26 |     9 ||    63
